 Dungeon Crawl Stone Soup version 0.17.1-1-g73c8601 (webtiles) character file.

1051 Implojin the Cleaver (level 8, 0/64 HPs)
             Began as a Minotaur Berserker on Apr 8, 2016.
             Was a Believer of Trog.
             Slain by a centaur (5 damage)
             ... on level 9 of the Dungeon.
             The game lasted 00:04:22 (592 turns).

Implojin the Cleaver (Minotaur Berserker)            Turns: 592, Time: 00:04:23

Health: 0/64       AC:  5    Str: 23    XL:     8   Next: 5%
Magic:  7/7        EV: 11    Int:  4    God:    Trog [**....]
Gold:   7          SH:  0    Dex: 11    Spells: 0 memorised, 7 levels left

rFire  . . .     SeeInvis .     a - +0 hand axe
rCold  . . .     Clarity  .     e - +0 ring mail
rNeg   . . .     SustAt   .     (no shield)
rPois  .         Gourm    .     (helmet restricted)
rElec  .         Spirit   .     (no cloak)
rCorr  .         Warding  .     (no gloves)
rMut   .         Stasis   .     (no boots)
MR     ++...                    (no amulet)
Stlth  +.........               (no ring)
                                (no ring)

@: exhausted, regenerating, slowed, very slow, very resistant to hostile
enchantments, very unstealthy
A: retaliatory headbutt, horns 2
a: Berserk, Trog's Hand, Burn Spellbooks, Renounce Religion


You were on level 9 of the Dungeon.
You worshipped Trog.
Trog was pleased with you.
You were not hungry.

You visited 1 branch of the dungeon, and saw 9 of its levels.

You collected 7 gold pieces.

Inventory:

Hand Weapons
 a - a +0 hand axe (weapon)
Missiles
 f - 5 tomahawks (quivered)
 o - 5 javelins
Armour
 b - a +0 animal skin
 e - a +0 ring mail (worn)
Jewellery
 r - an uncursed ring of poison resistance {unknown}
Wands
 k - a wand of flame (18)
 l - a wand of lightning (12)
Scrolls
 g - a scroll of magic mapping {unknown}
 h - a scroll of remove curse {unknown}
 i - a scroll of enchant armour {unknown}
 j - 3 scrolls of teleportation {unknown}
 n - a scroll of blinking {unknown}
 p - 2 scrolls of identify {unknown}
 q - a scroll of amnesia {unknown}
Comestibles
 c - 2 bread rations
 d - 2 meat rations
 m - 7 slices of pizza
 s - 2 beef jerkies
 t - 3 chunks of flesh


   Skills:
 - Level 3.6 Fighting
 * Level 11.5 Axes
 - Level 2.4 Armour
 - Level 2.1 Dodging


You had 7 spell levels left.
You didn't know any spells.

Dungeon Overview and Level Annotations

Branches:
Dungeon (9/15)
 Temple: D:4-7         Lair: D:8-11         Orc: D:9-12

Altars:
Zin


Innate Abilities, Weirdness & Mutations

You reflexively headbutt those who attack you in melee.
You have a pair of horns on your head.


Message History

s - 2 beef jerkies
Things that are here:
a sheep corpse x3
Things that are here:
a hand axe; an animal skin; a human corpse You butcher the human corpse.
t - 3 chunks of flesh
Things that are here:
a hand axe; an animal skin Unknown command.
You open the door.
Found a papyrus book.
Found two stone staircases leading up.
A centaur comes into view.
The centaur shouts!
The centaur hits you.
* * * LOW HITPOINT WARNING * * *
There is an open door here.
Your skin crawls.
You feel resistant to hostile enchantments.
You feel slightly more hungry. The centaur hits you!
* * * LOW HITPOINT WARNING * * *
The centaur closely misses you. You furiously retaliate!
You headbutt the centaur.
Unknown command.
You aren't carrying any potions.
Unknown command.
Read which item? (? for menu, Esc to quit)
Okay, then.
You hit the centaur. You headbutt the centaur!
The centaur is severely wounded.
The centaur hits you but does no damage.
The centaur barely misses you.
You hit the centaur.
The centaur is severely wounded.
The centaur closely misses you.
You hit the centaur. Your headbutt misses the centaur.
The centaur is severely wounded.
You feel the effects of Trog's Hand fading.
The centaur hits you.
You die...

##.. #.....#
#... ......#
#... ......#
#... .<....#
#...#:...<##
#..........#
#..c......#
#####@#
#..#..#
#..#..#
#..'..#
#..#)†#
#..#..#
#######


You could see a centaur.

Vanquished Creatures
  A trapdoor spider zombie (D:7)
  A human (D:9)
  A yak (D:9)
  An ice beast (D:6)
  An ogre (D:7)
  A giant frog (D:7)
  5 killer bees (D:8)
  A crimson imp (D:7)
  A giant frog skeleton (D:7)
  3 sheep (D:9)
  A hound skeleton (D:6)
  A giant cockroach (D:1)
  2 hobgoblins
  A giant gecko (D:1)
  A giant newt (D:1)
  2 goblins
  A kobold (D:1)
25 creatures vanquished.

Notes
Turn   | Place    | Note
--------------------------------------------------------------
     0 | D:1      | Implojin the Minotaur Berserker began the quest for the Orb.
     0 | D:1      | Reached XP level 1. HP: 19/19 MP: 0/0
    99 | D:1      | Reached skill level 4 in Axes
   113 | D:2      | Reached XP level 2. HP: 13/26 MP: 1/1
   216 | D:4      | You fall through a shaft for 2 floors!
   238 | D:5      | Entered Level 5 of the Dungeon
   268 | D:7      | Noticed a trapdoor spider zombie
   275 | D:7      | Killed a trapdoor spider zombie
   275 | D:7      | Reached skill level 7 in Axes
   275 | D:7      | Reached XP level 3. HP: 30/31 MP: 2/2
   275 | D:7      | Reached XP level 4. HP: 37/39 MP: 3/3
   275 | D:7      | Reached XP level 5. HP: 42/45 MP: 4/4
   281 | D:7      | Noticed a giant frog
   284 | D:7      | Noticed an ogre
   285 | D:7      | Killed a giant frog
   285 | D:7      | Reached skill level 8 in Axes
   285 | D:7      | Reached XP level 6. HP: 26/51 MP: 5/5
   308 | D:6      | Noticed an ice beast
   328 | D:6      | Killed an ice beast
   331 | D:7      | Killed an ogre
   331 | D:7      | Reached skill level 9 in Axes
   427 | D:8      | Found a glowing silver altar of Zin.
   432 | D:8      | Reached XP level 7. HP: 53/57 MP: 6/6
   439 | D:8      | Reached skill level 10 in Axes
   560 | D:9      | Noticed a yak
   560 | D:9      | Noticed a human
   568 | D:9      | Killed a human
   568 | D:9      | Reached skill level 11 in Axes
   572 | D:9      | Killed a yak
   572 | D:9      | Reached ** piety under Trog
   572 | D:9      | Reached XP level 8. HP: 11/64 MP: 7/7
   589 | D:9      | HP: 1/64 [centaur (8)]
   592 | D:9      | Slain by a centaur

Action                   |  1- 3 |  4- 6 |  7- 9 || total
-------------------------+-------+-------+-------++-------
Melee: Hand axe          |    25 |    16 |    30 ||    71
Invok: Berserk           |     1 |     2 |     1 ||     4
       Trog's Hand       |       |       |     1 ||     1
  Use: Potion            |       |       |     2 ||     2
  Eat: Chunk             |       |     1 |       ||     1
       Bread ration      |       |       |     1 ||     1

Table legend:
 A = Turns spent in this place as a percentage of turns spent in the entire game.
 B = Non-inter-level travel turns spent in this place as a percentage of non-inter-level travel turns spent in the entire game.
 C = Inter-level travel turns spent in this place as a percentage of turns spent in this place.
 D = Turns resting spent in this place as a percentage of non-inter-level travel turns spent in this place.
 E = Turns spent auto-exploring this place as a percentage of non-inter-level travel turns spent in this place.
 F = Non-inter-level travel turns spent in this place divided by the number of levels of this place that you've seen.
                   A       B       C       D       E      F
               +-------+-------+-------+-------+-------+----------------------
         Total | 100.0 | 100.0 |   0.0 |   0.0 |   0.0 |  63.4
       Dungeon | 100.0 | 100.0 |   0.0 |   0.0 |   0.0 |  63.4
               +-------+-------+-------+-------+-------+----------------------

Table legend:
 A = Kills in this place as a percentage of kills in entire the game.
 B = Kills by you in this place as a percentage of kills by you in the entire game.
 C = Kills by friends in this place as a percentage of kills by friends in the entire game.
 D = Other kills in this place as a percentage of other kills in the entire game.
 E = Experience gained in this place as a percentage of experience gained in the entire game.
 F = Experience gained in this place divided by the number of levels of this place that you have seen.
                   A       B       C       D       E      F
               +-------+-------+-------+-------+-------+----------------------
         Total | 100.0 | 100.0 |  -nan |  -nan | 100.0 | 166.9
       Dungeon | 100.0 | 100.0 |  -nan |  -nan | 100.0 | 166.9
               +-------+-------+-------+-------+-------+----------------------
